cohdb
Replays
Latest Replays
All Replays
Popular Replays
Top Player Replays
Match Explorer
How It Works
Community
CoH3 Stats
Reddit
Sign in to upload your games and track your stats! →
Sign in with Steam
Match 42541471
Unlisted
Match 42541471
Overview
Messages
Build Orders
End
Kradschützen Motorcycle Team
Selects Italian Infantry
Panzerpioneer Squad
Panzergrenadier Squad
250 Light Carrier
Panzergrenadier Squad
Selects Defensive Operations
Panzergrenadier Squad
Construct Light Support Kompanie
Assault Mechanized Group
Fire Support Elements
Flakvierling Half-track
Selects Guastatori Squad
Guastatori Squad
Veteran Squad Leaders
Selects Prepared Positions
Selects Prepared Positions
2.5-tonne Medical Truck
Pak 38 Mechanized Group
Construct Panzerarmee Kommand
Selects Obice 305mm Barrage
2.5-tonne Medical Truck
Obice 305mm Barrage
Walking Stuka Rocket Launcher
Trion
Erwin Rommel
Gumshoe.Cambro
purepinoy
0
0
Comments
sign in to comment!
No comments posted yet!